 Dungeon Crawl Stone Soup version 0.15.1-4-gac8487e (webtiles) character file.

1397 MuedeAugen the Fighter (level 8, 0/75 HPs)
             Began as a Minotaur Berserker on Oct 14, 2014.
             Was a High Priest of Trog.
             Slain by Blork the orc
             ... wielding a +0 halberd
              (11 damage)
             ... on Level 6 of the Dungeon.
             The game lasted 00:29:24 (5456 turns).

MuedeAugen the Fighter (Minotaur Berserker)         Turns: 5456, Time: 00:29:24

HP   0/75        AC  7     Str 24      XL: 8   Next: 41%
MP   3/3         EV  9     Int  4      God: Trog [*****.]
Gold 202         SH  7     Dex 10      Spells:  0 memorised,  7 levels left

rFire  . . .     SeeInvis .     B - +3 hand axe
rCold  . . .     Clarity  .     q - +0 ring mail (curse)
rNeg   . . .     rCorr    .     x - +0 shield
rPois  .         rRot     .     (helmet restricted)
rElec  .         Spirit   .     (no cloak)
SustAb .         Warding  .     b - +0 pair of gloves
rMut   .         Stasis   .     (no boots)
Gourm  .                        (no amulet)
MR     .....                    (no ring)
                                (no ring)

@: not resistant to hostile enchantments, very unstealthy
A: retaliatory headbutt, horns 2
a: Burn Spellbooks, Berserk, Trog's Hand, Brothers in Arms, Renounce Religion


You were on level 6 of the Dungeon.
You worshipped Trog.
Trog was extremely pleased with you.
You were not hungry.

You visited 1 branch of the dungeon, and saw 6 of its levels.

You collected 202 gold pieces.

Inventory:

Hand weapons
 a - a +0 hand axe
 w - a +0 hand axe
 y - a +0 hand axe of venom
 B - a +3 hand axe (weapon)
Missiles
 e - 11 stones (quivered)
Armour
 b - a +0 pair of gloves (worn)
 q - a cursed +0 ring mail (worn)
 x - a +0 shield (worn)
Comestibles
 c - 5 bread rations
 f - 3 meat rations
 h - a royal jelly
 j - a slice of pizza
 u - 3 fruits
 I - a rotting chunk of hobgoblin flesh
Scrolls
 g - 12 scrolls of identify {unknown}
 l - 4 scrolls of blinking {unknown}
 m - 4 scrolls of amnesia {unknown}
 o - a scroll of enchant weapon {unknown}
 s - a scroll of immolation {unknown}
 t - 2 scrolls of random uselessness {unknown}
 A - a scroll of fear {unknown}
 D - 4 scrolls of recharging {unknown}
 G - a scroll of noise {unknown}
Jewellery
 i - an uncursed ring of see invisible {unknown}
 p - a +5 ring of evasion {unknown}
Potions
 d - 2 potions of might {unknown}
 k - a potion of invisibility {unknown}
 n - a potion of lignification {unknown}
 r - 2 potions of curing {unknown}
 v - 2 potions of poison {unknown}
 z - 2 potions of agility {unknown}
 C - a potion of cancellation {unknown}
 E - 2 potions of heal wounds {unknown}
 F - a potion of flight {unknown}
 H - 2 potions of cure mutation {unknown}


   Skills:
 * Level 8.4 Fighting
 + Level 6.1 Axes
 + Level 5.5 Armour
 + Level 6.5 Dodging
 - Level 0.3 Stealth


You had 7 spell levels left.
You didn't know any spells.

Dungeon Overview and Level Annotations

Branches:
Dungeon (6/15)
 Temple: D:4-7

Altars:
Sif Muna
Trog
Xom
Yredelemnul
Zin
The Shining One

Shops:
D:4 :   D:5 (

Annotations:
D:6 Blork the orc


Innate Abilities, Weirdness & Mutations

You reflexively headbutt those who attack you in melee.
You have a pair of horns on your head.


Message History

The puff of flame hits you!
You barely miss something. You slash the gnoll!
The gnoll is heavily wounded.
Something hits you. The gnoll hits you but does no damage.
The gnoll hits you but does no damage. x2
You hit the gnoll.
You kill the gnoll!
Trog accepts your kill.
You hit something. Something hits you. You block its attack.
The gnoll hits you but does no damage. The gnoll closely misses you.
A puff of flame appears from out of thin air!
The puff of flame misses you.
A puff of flame appears from out of thin air!
The puff of flame hits you!
* * * LOW HITPOINT WARNING * * *
A puff of flame appears from out of thin air!
The puff of flame hits you!
There is a stone staircase leading up here.
Something hits you!
You die...

..## ##...#
###....##
..#......#
.....?....##
...........##
............#
#.........# .
#..@..####..P
###..........
##....###P.
##....##
#.g....##
#g......#
#....).........
#..............
#.?.#..###......


You could see a gnoll.

Vanquished Creatures
  Pikel (D:3)
  Menkaure (D:5)
  A slave (D:4)
  A phantom (D:4)
  An ogre (D:5)
  A giant frog (D:3)
  A scorpion (D:5)
  3 orc priests
  3 hounds
  Crazy Yiuf (D:3)
  2 worker ants
  5 orc wizards
  2 adders
  A gnoll (D:6)
  4 worms
  4 giant geckos
  An ooze (D:2)
  15 orcs
  A ball python (D:3)
  3 giant cockroaches
  13 hobgoblins
  9 jackals
  4 kobolds
  A quokka (D:3)
  13 bats
  6 giant newts
  16 goblins
  A goblin skeleton (D:5)
  A kobold skeleton (D:4)
  14 rats
  A fungus (D:3)
131 creatures vanquished.

Vanquished Creatures (others)
  A slave (D:4)
  2 orcs (D:4)
  A goblin (D:4)
  2 kobolds (D:4)
6 creatures vanquished.

Grand Total: 137 creatures vanquished

Notes
Turn   | Place    | Note
--------------------------------------------------------------
     0 | D:1      | MuedeAugen, the Minotaur Berserker, began the quest for the Orb.
     0 | D:1      | Reached XP level 1. HP: 19/19 MP: 1/1
   246 | D:1      | Reached XP level 2. HP: 24/27 MP: 1/1
   277 | D:1      | Reached skill level 4 in Fighting
   421 | D:1      | Acquired Trog's second power
   593 | D:1      | Reached XP level 3. HP: 25/34 MP: 2/2
  1353 | D:2      | Found a glowing silver altar of Zin.
  1383 | D:2      | Found a shimmering altar of Xom.
  1616 | D:2      | Noticed a moth of wrath
  1617 | D:2      | Found a bloodstained altar of Trog.
  1635 | D:2      | Reached XP level 4. HP: 21/41 MP: 2/2
  2667 | D:3      | Noticed Crazy Yiuf
  2677 | D:3      | Killed Crazy Yiuf
  2677 | D:3      | Reached skill level 5 in Fighting
  3008 | D:3      | Reached XP level 5. HP: 36/48 MP: 2/2
  3012 | D:3      | Acquired Trog's third power
  3098 | D:3      | Noticed a giant frog
  3104 | D:3      | Killed a giant frog
  3229 | D:3      | Found a deep blue altar of Sif Muna.
  3724 | D:4      | Reached XP level 6. HP: 45/57 MP: 3/3
  3761 | D:4      | Reached skill level 6 in Fighting
  3784 | D:4      | Found a glowing golden altar of the Shining One.
  3810 | D:4      | Noticed a slave
  3816 | D:4      | Killed a slave
  3817 | D:4      | Noticed a slave
  3819 | D:4      | Noticed Pikel
  3820 | D:4      | Noticed a slave
  3822 | D:4      | Noticed a slave
  3845 | D:3      | Killed Pikel
  3845 | D:3      | Reached skill level 7 in Fighting
  3845 | D:3      | Reached skill level 5 in Axes
  3845 | D:3      | Reached skill level 5 in Dodging
  3845 | D:3      | Reached XP level 7. HP: 5/66 MP: 3/3
  4176 | D:4      | Noticed a phantom
  4214 | D:4      | Killed a freed slave
  4270 | D:4      | Killed a phantom
  4490 | D:4      | Found Pleug's Book Shop.
  4682 | D:5      | Entered Level 5 of the Dungeon
  4705 | D:5      | Reached skill level 5 in Armour
  4705 | D:5      | Reached XP level 8. HP: 57/74 MP: 3/3
  4726 | D:5      | Noticed Menkaure
  4728 | D:5      | Found Grunag Atinn's Weapon Shoppe.
  4736 | D:5      | Killed Menkaure
  4736 | D:5      | Reached skill level 8 in Fighting
  4867 | D:5      | Found a basalt altar of Yredelemnul.
  5442 | D:6      | Noticed Blork the orc
  5456 | D:6      | Slain by Blork the orc

Action                   |  1- 3 |  4- 6 |  7- 9 || total
-------------------------+-------+-------+-------++-------
Melee: Hand axe          |    88 |   140 |   103 ||   331
Throw: Stone             |    40 |     6 |    10 ||    56
Invok: Burn Spellbooks   |       |       |     1 ||     1
  Eat: Chunk             |     2 |     7 |     6 ||    15
